 Dungeon Crawl Stone Soup version 0.29.0-4-gdea44cf6ec (webtiles) character file.

Game seed: 4230494068112442126

125 qw the Chopper (level 5, -3/30 HPs)
             Began as a Tengu Warper on Aug 28, 2022.
             Slain by a gnoll
             ... wielding a +0 halberd
              (7 damage)
             ... on level 4 of the Dungeon.
             The game lasted 00:00:19 (3246 turns).

qw the Chopper (Tengu Warper)                       Turns: 3246, Time: 00:00:20

Health: -3/30      AC:  8    Str: 13    XL:     5   Next: 9%
Magic:  9/9        EV:  7    Int: 14    God:
Gold:   130        SH:  5    Dex: 13    Spells: 8/8 levels left

rFire   . . .      SeeInvis .   Y - +2 hand axe
rCold   . . .      Faith    .   (no shield)
rNeg    . . .      Spirit   .   h - +0 chain mail
rPois   .          Reflect  +   (helmet restricted)
rElec   .          Harm     .   (no cloak)
rCorr   .          Rampage  .   (no gloves)
Will    .....                   (boots unavailable)
Stlth   ..........              b - amulet of reflection
HPRegen 0.10/turn               (no ring)
MPRegen 0.11/turn               (no ring)

@: about to teleport, flying quickly and evasively, quick
A: beak, talons 3, nimble flight
a: no special abilities


You were on level 4 of the Dungeon.
You visited 1 branch of the dungeon, and saw 4 of its levels.

You collected 208 gold pieces.
You spent 78 gold pieces at shops.


Innate Abilities, Weirdness & Mutations

You have a beak for a mouth.
You have claws for feet.
Your magical nature lets you fly swiftly and evasively.


   Skills:
 - Level 2.0 Fighting
 + Level 5.6 Axes
 - Level 1.0 Throwing
 - Level 1.1 Armour
 - Level 2.1 Dodging
 - Level 2.0 Spellcasting
 - Level 2.4 Translocations


You had 8 spell levels left.
You didn't know any spells.
Your spell library contained the following spells:

 Spells                   Type           Power      Damage    Failure   Level
 Blink                    Tloc           16%        N/A       99%         2
 Gell's Gravitas          Tloc           8%         N/A       100%        3
 Lesser Beckoning         Tloc           8%         N/A       100%        3
 Teleport Other           Tloc           8%         N/A       100%        3
 Manifold Assault         Tloc           8%         N/A       100%        5

Inventory:

Hand Weapons
 f - a +0 whip
 Y - a +2 hand axe (weapon)
Armour
 h - a +0 chain mail (worn)
Jewellery
 b - an amulet of reflection (around neck)
Scrolls
 a - a scroll of identify
Potions
 e - a potion of mutation
 g - a potion of magic {unknown}
 i - a potion of ambrosia {unknown}
 j - 3 potions of curing

Dungeon Overview and Level Annotations

Branches:
Dungeon (4/15)
 Temple: D:4-7

Altars:

Shops:
D:2 !

Annotations:
D:3 1 runed translucent door, qw's ghost, amateur TeWr


Message History

e - a potion of mutation
3189 ||| IDENTIFYING lumpy purple potion Could not explore, unopened runed door.
3190 ||| DROPPING scroll of immolation.
You drop a scroll of immolation.
Qw's ghost says, "I'll split you in two!"
Could not explore, unopened runed door.
(D) Dungeon
Where to? (* - list waypoints, Enter - D:3, ? - help)
What level of the Dungeon? (default 1, ? - help)
You see here 5 stones.
There is an escape hatch in the floor here.
There is a stone staircase leading down here.
You fly downwards.
There is a stone staircase leading up here.
Existing waypoints: (1) D:2 (2) D:3 Assign waypoint to what number? (0-9, D - delete waypoint) Waypoint 1 re-assigned from D:2 to D:4.
Found 9 stones. 3 gnolls come into view.
The gnoll shouts! x2
3238 ||| Stepping ~*~*~tactically~*~*~ (hiding).
You start waiting.
There are monsters nearby!
The gnoll hits you with a +0 spear.
The gnoll hits you from afar with a +0 halberd!
You hit the gnoll but do no damage. Your kick misses the gnoll.
A gnoll comes into view. It is wielding a +0 spear.
The gnoll hits you from afar with a +0 halberd!
3245 ||| READING scroll of teleportation.
As you read the scroll of teleportation, it crumbles to dust.
You feel strangely unstable.
The gnoll shouts!
You block the gnoll's attack.
The gnoll hits you but does no damage. x2
You hit the gnoll. You claw the gnoll. You peck the gnoll.
The gnoll is severely wounded.
You hit the gnoll but do no damage. The gnoll hits you with a +0 spear.
The gnoll hits you from afar with a +0 halberd!
You die...

#.#.#
#.#.#
#.#.#
#.#.# #.#
#.# #.#
#.# #@#
...g..gg#
.....g...
.####.###.
#. .# #. #
. #


You could see 4 gnolls.

Vanquished Creatures
  Robin (D:2)
  3 adders
  6 ball pythons
  6 bats
  5 endoplasms
  12 giant cockroaches
  7 hobgoblins
  2 jackals (D:3)
  6 quokkas
  7 frilled lizards
  11 goblins
  8 kobolds
  5 rats
79 creatures vanquished.

Vanquished Creatures (others)
  A quokka (D:1)
  2 rats (D:1)
3 creatures vanquished.

Grand Total: 82 creatures vanquished

Notes
Turn   | Place    | Note
-------+----------+-------------------------------------------
     0 | D:1      | qw the Tengu Warper began the quest for the Orb.
     0 | D:1      | Reached XP level 1. HP: 12/12 MP: 4/4
     0 | D:1      | 0 ||| qw: Version: 0.1-a-89-g26bdef1
     0 | D:1      | 0 ||| qw: Game counter: 2824
     0 | D:1      | 0 ||| qw: Always use a shield: true
     0 | D:1      | 0 ||| qw: God list: Okawaru
     0 | D:1      | 0 ||| qw: Allow faded altars: false
     0 | D:1      | 0 ||| qw: Do Orc after D:15 true
     0 | D:1      | 0 ||| qw: Do second Lair branch before Depths: true
     0 | D:1      | 0 ||| qw: Lair rune preference: random
     0 | D:1      | 0 ||| qw: Plans: Normal
     0 | D:1      | 0 ||| PLANNING D:1-11
    93 | D:1      | 93 ||| Stepping ~*~*~tactically~*~*~ (stealth).
    94 | D:1      | 94 ||| Stepping ~*~*~tactically~*~*~ (stealth).
    95 | D:1      | 95 ||| Stepping ~*~*~tactically~*~*~ (stealth).
    96 | D:1      | 96 ||| Stepping ~*~*~tactically~*~*~ (stealth).
    98 | D:1      | 98 ||| Stepping ~*~*~tactically~*~*~ (stealth).
   216 | D:1      | Reached XP level 2. HP: 17/17 MP: 6/6
   256 | D:1      | Reached skill level 3 in Axes
   321 | D:1      | Found a faded altar of an unknown god.
   354 | D:1      | You fall into a shaft and drop 1 floor!
   355 | D:2      | 355 ||| UPGRADING to +0 scale mail.
   365 | D:2      | 365 ||| DROPPING +0 leather armour.
   366 | D:2      | 366 ||| READING scroll labelled JATTAU KEUS.
   367 | D:2      | 367 ||| READING scroll labelled HUDORAH SAPS.
   368 | D:2      | 368 ||| READING scroll labelled LOWIN QUGUD.
   369 | D:2      | 369 ||| DROPPING scroll of blinking.
   766 | D:1      | 766 ||| READING scroll of enchant weapon.
   766 | D:1      | 766 ||| ENCHANTING +1 hand axe.
  1144 | D:1      | 1144 ||| READING scroll labelled QITHUYSESE.
  1145 | D:1      | 1145 ||| READING scroll labelled AWKU LOGHEIPP.
  1174 | D:2      | 1174 ||| Stepping ~*~*~tactically~*~*~ (stealth).
  1176 | D:2      | 1176 ||| Stepping ~*~*~tactically~*~*~ (stealth).
  1185 | D:2      | Reached XP level 3. HP: 18/21 MP: 7/7
  1199 | D:2      | Reached skill level 4 in Axes
  1224 | D:2      | 1224 ||| FLEEEEING.
  1225 | D:2      | 1225 ||| FLEEEEING.
  1226 | D:2      | 1226 ||| FLEEEEING.
  1227 | D:2      | 1227 ||| STAIRDANCE
  1270 | D:2      | 1270 ||| Stepping ~*~*~tactically~*~*~ (stealth).
  1271 | D:2      | 1271 ||| Stepping ~*~*~tactically~*~*~ (stealth).
  1570 | D:2      | 1570 ||| Stepping ~*~*~tactically~*~*~ (stealth).
  1602 | D:2      | Noticed Robin
  1605 | D:2      | Reached XP level 4. HP: 26/26 MP: 8/8
  1623 | D:2      | Killed Robin
  1624 | D:2      | Reached skill level 5 in Axes
  1624 | D:2      | 1624 ||| FLEEEEING.
  1625 | D:2      | 1625 ||| FLEEEEING.
  1626 | D:2      | 1626 ||| FLEEEEING.
  1630 | D:2      | 1630 ||| FLEEEEING.
  1632 | D:2      | 1632 ||| FLEEEEING.
  1633 | D:2      | 1633 ||| FLEEEEING.
  1634 | D:2      | 1634 ||| FLEEEEING.
  1635 | D:2      | 1635 ||| FLEEEEING.
  1636 | D:2      | 1636 ||| FLEEEEING.
  1637 | D:2      | 1637 ||| FLEEEEING.
  1638 | D:2      | 1638 ||| FLEEEEING.
  1639 | D:2      | 1639 ||| FLEEEEING.
  1640 | D:2      | 1640 ||| FLEEEEING.
  1641 | D:2      | 1641 ||| FLEEEEING.
  1642 | D:2      | 1642 ||| FLEEEEING.
  1643 | D:2      | 1643 ||| FLEEEEING.
  1644 | D:2      | 1644 ||| FLEEEEING.
  1645 | D:2      | 1645 ||| FLEEEEING.
  1646 | D:2      | 1646 ||| FLEEEEING.
  1647 | D:2      | 1647 ||| FLEEEEING.
  1648 | D:2      | 1648 ||| FLEEEEING.
  1649 | D:2      | 1649 ||| FLEEEEING.
  1650 | D:2      | 1650 ||| FLEEEEING.
  1652 | D:2      | 1652 ||| FLEEEEING.
  1653 | D:2      | 1653 ||| FLEEEEING.
  1654 | D:2      | 1654 ||| FLEEEEING.
  1656 | D:2      | 1656 ||| FLEEEEING.
  1657 | D:2      | 1657 ||| FLEEEEING.
  1658 | D:2      | 1658 ||| FLEEEEING.
  1660 | D:2      | 1660 ||| FLEEEEING.
  1662 | D:2      | 1662 ||| FLEEEEING.
  1663 | D:2      | 1663 ||| FLEEEEING.
  1665 | D:2      | 1665 ||| FLEEEEING.
  1666 | D:2      | 1666 ||| FLEEEEING.
  1667 | D:2      | 1667 ||| FLEEEEING.
  1668 | D:2      | 1668 ||| FLEEEEING.
  1669 | D:2      | 1669 ||| FLEEEEING.
  1670 | D:2      | 1670 ||| FLEEEEING.
  1671 | D:2      | 1671 ||| FLEEEEING.
  1672 | D:2      | 1672 ||| FLEEEEING.
  1673 | D:2      | 1673 ||| FLEEEEING.
  1674 | D:2      | 1674 ||| FLEEEEING.
  1675 | D:2      | 1675 ||| FLEEEEING.
  1676 | D:2      | 1676 ||| FLEEEEING.
  2104 | D:2      | Found Kaiqopua's Distillery.
  2121 | D:2      | 2121 ||| BUYING 2 potions of curing (78 gold).
  2121 | D:2      | Bought 2 potions of curing for 78 gold pieces
  2121 | D:2      | 2121 ||| SHOPLISTING 2 potions of resistance (260 gold,
                  | have 31).
  2121 | D:2      | 2121 ||| SHOPLISTING potion of cancellation (104 gold, have
                  | 31).
  2121 | D:2      | 2121 ||| SHOPLISTING potion of curing (39 gold, have 31).
  2262 | D:2      | 2262 ||| UPGRADING to +0 chain mail.
  2272 | D:2      | 2272 ||| DROPPING +0 scale mail.
  2273 | D:2      | 2273 ||| READING scroll labelled TUWOSSOQOA.
  2416 | D:2      | 2416 ||| READING scroll labelled RASEDI QEKKOHU.
  2417 | D:2      | 2417 ||| READING scroll labelled BANEIV LU DIST.
  2421 | D:2      | 2421 ||| READING scroll labelled FUODUSU VUCISO.
  2422 | D:2      | 2422 ||| DRINKING 2 fizzy puce potions.
  2455 | D:2      | 2455 ||| DROPPING potion of lignification.
  2649 | D:3      | Found a runed translucent door.
  2649 | D:3      | Noticed qw's ghost (amateur TeWr)
  2708 | D:3      | Gained mutation: Your magical nature lets you fly swiftly
                  | and evasively. [Tengu growth]
  2708 | D:3      | Reached XP level 5. HP: 30/30 MP: 9/9
  3183 | D:3      | 3183 ||| UPGRADING to amulet of reflection.
  3188 | D:3      | 3188 ||| READING 2 scrolls labelled LAV DURUDANA.
  3189 | D:3      | 3189 ||| READING 2 scrolls of identify.
  3189 | D:3      | 3189 ||| IDENTIFYING lumpy purple potion
  3190 | D:3      | 3190 ||| DROPPING scroll of immolation.
  3238 | D:4      | 3238 ||| Stepping ~*~*~tactically~*~*~ (hiding).
  3244 | D:4      | HP: 7/30 [gnoll/+0 halberd (10)]
  3245 | D:4      | 3245 ||| READING scroll of teleportation.
  3246 | D:4      | Slain by a gnoll

Levels and vault maps discovered:
D:1:      dpeg_arrival_round_a, layout_loops_ring, basic_ecumenical_altar,
          lemuel_flame_loot_1
D:2:      minmay_roachtagon, layout_loops_ring, serial_shops, shop_statue,
          minmay_pentomino_v2, uniq_robin
D:3:      layout_loops_ring, hellmonk_ghost_happy_afterlife,
          roderic_roman_lattice
D:4:      layout_basic, serial_undead, serial_undead_d, serial_undead_f,
          serial_undead_c, serial_undead_a

Skill      XL: |  1  2  3  4 |
---------------+-------------+-----
Axes           | 3 4 5 |  5.6
Fighting       | |  2.0
Throwing       | |  1.0
Armour         | |  1.1
Dodging        | |  2.1
Spellcasting   | |  2.0
Translocations | |  2.4

Action                   |  1- 3 |  4- 6 || total
-------------------------+-------+-------++-------
Melee: Hand axe          |    89 |    66 ||   155
       Kick              |    28 |    14 ||    42
       Peck              |     5 |     2 ||     7
       Punch             |       |     1 ||     1
Throw: Boomerang         |     7 |       ||     7
  Use: Scroll            |     6 |     7 ||    13
       Potion            |       |     1 ||     1
 Stab: Distracted        |     1 |       ||     1
Armor: Scale mail        |    29 |    14 ||    43
       Chain mail        |       |    16 ||    16
Dodge: Dodged            |    35 |    26 ||    61
Block: Other             |       |     1 ||     1

Table legend:
 A = Non-vault XP
 B = Vault XP
 C = Vault XP percentage of total XP
 D = Non-vault monster count
 E = Vault monster count
 F = Vault count percentage of total count
                 A         B        C        D         E       F
            +---------+---------+-------+---------+---------+-------
      Total |     123 |      56 |  31.3 |      56 |      22 |  28.2
            +---------+---------+-------+---------+---------+-------
        D:1 |      27 |       0 |   0.0 |      17 |       0 |   0.0
        D:2 |      45 |      56 |  55.4 |      22 |      22 |  50.0
        D:3 |      51 |       0 |   0.0 |      17 |       0 |   0.0
            +---------+---------+-------+---------+---------+-------
